 Dungeon Crawl Stone Soup version 0.26-a0-487-gbff1e92059 (webtiles) character file.

Game seed: 3703960685462690846

1050 Lovable the Bolt Thrower (level 8, -1/48 HPs)
             Began as a Kobold Hunter on Aug 2, 2020.
             Was an Initiate of Elyvilon.
             Slain by an orc warrior
             ... wielding a +0 glaive
              (12 damage)
             ... on level 6 of the Dungeon.
             The game lasted 00:49:11 (9559 turns).

Lovable the Bolt Thrower (Kobold Hunter)            Turns: 9559, Time: 00:49:11

Health: -1/48      AC: 18    Str:  9    XL:     8   Next: 50%
Magic:  18/18      EV:  8    Int: 15    God:    Elyvilon [......]
Gold:   272        SH:  0    Dex: 17    Spells: 7/7 levels left

rFire    . . .     SeeInvis .   s - +0 trident
rCold    . . .     Faith    .   (shield currently unavailable)
rNeg     . . .     Spirit   .   o - +2 plate armour
rPois    .         Reflect  .   (no helmet)
rElec    .         Harm     .   b - +2 cloak
rCorr    .         Rnd*Rage +   (no gloves)
MR       +....                  (no boots)
Stlth    ..........             (no amulet)
HPRegen  0.16/turn              c - ring of magical power
MPRegen  0.16/turn              e - +4 ring of evasion

@: no status effects
A: small, iridescent scales 1, berserk 1, clever 1, magic resistance 1,
nightstalker 3
a: Renounce Religion


You were on level 6 of the Dungeon.
You worshipped Elyvilon.
Elyvilon was noncommittal.
You visited 1 branch of the dungeon, and saw 6 of its levels.

You collected 272 gold pieces.

Inventory:

Hand Weapons
 a - a +3 hand crossbow
 f - a +0 shortbow
 s - a +0 trident (weapon)
Missiles
 t - 45 arrows
Armour
 b - a +2 cloak (worn)
 o - a +2 plate armour (worn)
Jewellery
 c - a ring of magical power (left hand)
 e - a +4 ring of evasion (right hand)
Scrolls
 h - a scroll of amnesia
 l - 2 scrolls of identify
 n - a scroll of remove curse
Potions
 i - a potion of cancellation


   Skills:
 + Level 4.2 Fighting
   Level 0.1 Short Blades
   Level 1.2 Maces & Flails
 + Level 3.2 Polearms
 + Level 6.7 Crossbows
 + Level 0.1 Throwing
 + Level 3.9 Armour
 + Level 3.7 Dodging
 + Level 2.7 Stealth
 + Level 2.0 Invocations
   Level 1.0 Evocations


You had 7 spell levels left.
You didn't know any spells.
Your spell library contained the following spells:

 Spells                   Type           Power        Failure   Level
 Magic Dart               Conj           #...         100%        1
 Blink                    Tloc           N/A          100%        2
 Call Imp                 Summ           #.......     100%        2
 Slow                     Hex            #.......     100%        2
 Conjure Flame            Conj/Fire      #.......     100%        3
 Mephitic Cloud           Conj/Pois/Air  #.......     100%        3


Dungeon Overview and Level Annotations

Branches:
Dungeon (6/15)
 Temple: D:4-7

Altars:
Elyvilon


Innate Abilities, Weirdness & Mutations

You are small and have problems with some larger weapons.
You are completely attuned to the shadows.
You are partially covered in iridescent scales. (AC +2)
You tend to lose your temper in combat.
Your mind is acute. (Int +2)
You are resistant to hostile enchantments. (MR+)


Message History

The orc warrior hits you with a +0 glaive.
You hit the orc warrior.
The orc warrior is heavily wounded.
The orc warrior barely misses you.
You barely miss the orc warrior.
The orc warrior is heavily wounded.
You hit the orc warrior but do no damage.
The orc warrior is heavily wounded.
The orc warrior misses you.
You closely miss the orc warrior.
The orc warrior is heavily wounded.
The orc warrior barely misses you.
You puncture the orc warrior!
The orc warrior is severely wounded.
The orc warrior hits you with a +0 glaive.
* * * LOW HITPOINT WARNING * * *
You hit the orc warrior.
The orc warrior is almost dead.
The orc warrior hits you with a +0 glaive!
You die...

########## #........#
###########........##########
#........##....[...'.........
#........##[)......##########
#........###'#####.........#
#........# #@# #.##.#.#.##
#####........###o# #.##.#.#.#
....'.......>o..o# #.##.#...#
#####........##### #.##.#######
.............# #.##........
.............#########'##########
.............#..........#
#####.<......#..........#
##########..........#


You could see an orc warrior and an orc.

Vanquished Creatures
  A phantom (D:6)
  A sky beast (D:6)
  An ogre (D:4)
  2 necrophages
  A bullfrog (D:6)
  A centaur skeleton (D:6)
  A hound (D:4)
  A bullfrog skeleton (D:6)
  An orc priest (D:5)
  5 orc wizards
  2 iguanas (D:6)
  A worker ant (D:4)
  A worker ant zombie (D:4)
  3 gnolls (D:5)
  An adder (D:2)
  4 shadow imps
  2 white imps (D:5)
  An ufetubus (D:6)
  3 oozes
  2 dart slugs (D:1)
  4 leopard geckos
  16 orcs
  10 bats
  2 giant cockroaches
  10 goblins
  9 hobgoblins
  11 jackals
  3 quokkas
  A ball python (D:3)
  5 frilled lizards
  11 kobolds
  8 rats
125 creatures vanquished.

Vanquished Creatures (others)
  An orc wizard (D:5)
1 creature vanquished.

Grand Total: 126 creatures vanquished

Notes
Turn   | Place    | Note
-------+----------+-------------------------------------------
     0 | D:1      | Lovable the Kobold Hunter began the quest for the Orb.
     0 | D:1      | Reached XP level 1. HP: 12/12 MP: 1/1
    97 | D:1      | Reached skill level 5 in Crossbows
   126 | D:1      | Reached XP level 2. HP: 18/18 MP: 2/2
   356 | D:1      | Reached XP level 3. HP: 15/22 MP: 3/3
  1080 | D:2      | Reached XP level 4. HP: 27/27 MP: 4/4
  1330 | D:2      | Reached skill level 6 in Crossbows
  1680 | D:2      | Found a faded altar of an unknown god.
  2578 | D:3      | Reached XP level 5. HP: 32/32 MP: 5/5
  3067 | D:4      | Found a white marble altar of Elyvilon.
  3081 | D:4      | Became a worshipper of Elyvilon the Healer
  3180 | D:4      | Reached skill level 1 in Maces & Flails
  3672 | D:4      | Reached skill level 1 in Armour
  4222 | D:5      | Entered Level 5 of the Dungeon
  4256 | D:5      | Noticed a sky beast
  4695 | D:4      | Gained mutation: You are partially covered in iridescent
                  | scales. (AC +2) [potion of mutation]
  4695 | D:4      | Gained mutation: You tend to lose your temper in combat.
                  | [potion of mutation]
  4695 | D:4      | Gained mutation: You are resistant to hostile enchantments.
                  | (MR+) [potion of mutation]
  4695 | D:4      | Gained mutation: Your mind is acute. (Int +2) [potion of
                  | mutation]
  5152 | D:5      | Reached XP level 6. HP: 25/37 MP: 6/6
  5366 | D:4      | Reached skill level 1 in Polearms
  5579 | D:5      | Reached skill level 1 in Evocations
  6859 | D:5      | Reached XP level 7. HP: 41/41 MP: 7/7
  8294 | D:6      | Reached * piety under Elyvilon
  8513 | D:6      | HP: 2/43 [iguana (2)]
  8657 | D:6      | Reached XP level 8. HP: 25/48 MP: 8/8
  9395 | D:6      | Reached skill level 1 in Invocations
  9559 | D:6      | Slain by an orc warrior

Illustrated notes

Levels and vault maps discovered:
D:1:      psy_arrival_terrarium, layout_rooms
D:2:      layout_loops_cross, chequers_ecumenical_altar_island,
          kennysheep_generic_room_15
D:3:      layout_loops_corners, grunt_ministairs_8
D:4:      layout_loops_cross, elyvilon_altar_5
D:5:      layout_loops_ring
D:6:      layout_basic, eat_drink_and_be_merry_uskayaw,
          minmay_temple_entry_slanted

Skill      XL: |  1  2  3  4  5  6  7  8 |
---------------+-------------------------+-----
Crossbows      | 5 6 |  6.7
Fighting       | 3 4 |  4.2
Maces & Flails | 1 |  1.2
Armour         | 1 2 3 |  3.9
Polearms       | 1 2 3 |  3.2
Evocations     | 1 |  1.0
Stealth        | 2 |  2.7
Dodging        | 3 |  3.7
Invocations    | 2 |  2.0
Short Blades   | |  0.1
Throwing       | |  0.1

Action                   |  1- 3 |  4- 6 |  7- 9 || total
-------------------------+-------+-------+-------++-------
Melee: Short sword       |    42 |       |       ||    42
       Mace              |     8 |    85 |       ||    93
       Trident           |       |   182 |   178 ||   360
       Hand crossbow     |       |     5 |       ||     5
 Fire: Hand crossbow     |    41 |    66 |    43 ||   150
       Shortbow          |       |       |     1 ||     1
Throw: Throwing net      |       |     1 |       ||     1
       Boomerang         |       |       |     7 ||     7
Invok: Lesser Healing    |       |       |     9 ||     9
       Divine Protection |       |       |     4 ||     4
Evoke: Wand              |       |     9 |       ||     9
  Use: Scroll            |     5 |     8 |     3 ||    16
       Potion            |       |    10 |     2 ||    12
 Stab: Sleeping          |     1 |       |       ||     1
       Held in net/web   |       |     1 |       ||     1
Armor: Leather armour    |     9 |       |       ||     9
       Ring mail         |    20 |    35 |       ||    55
       Plate armour      |       |   216 |   166 ||   382
Dodge: Dodged            |    84 |   136 |    60 ||   280

Table legend: (Time is in decaauts)
 A = Elapsed time spent in this place.
 B = Non-inter-level travel time spent in this place.
 C = Inter-level travel time spent in this place.
 D = Time resting spent in this place.
 E = Time spent auto-exploring this place.
 F = Levels seen in this place.
 G = Mean time per level.
                   A        B        C        D        E       F      G
               +--------+--------+--------+--------+--------+-----+--------+
         Total |   9760 |   9540 |    220 |   3221 |   2549 |   6 | 1626.7 |
       Dungeon |   9760 |   9540 |    220 |   3221 |   2549 |   6 | 1626.7 |
               +--------+--------+--------+--------+--------+-----+--------+

Top non-repeatable levels by time:
     D:4: 3002 daAuts
     D:5: 2011 daAuts
     D:6: 1456 daAuts
     D:3: 1412 daAuts
     D:2: 999 daAuts
     D:1: 877 daAuts
